 Dungeon Crawl Stone Soup version 0.30-a0-636-g200c5c4a83 (webtiles) character file.

Game seed: 2501304824028195833

596551 M4edhros the Worldbinder (level 25, -4/261 HPs)
             Began as an Octopode Artificer on Jan 14, 2023.
             Was the Champion of Cheibriados.
             Slain by an Ice Fiend (8 damage)
             ... in Pandemonium on Jan 16, 2023.
             The game lasted 03:31:53 (24937 turns).

M4edhros the Worldbinder (Octopode Artificer)      Turns: 24937, Time: 03:31:54

Health: -4/261     AC: 32    Str: 24      XL:     25   Next: 72%
Magic:  7/48       EV:  2    Int: 33 (34) God:    Cheibriados [******]
Gold:   1912       SH: 23    Dex: 38      Spells: 6/48 levels left

rFire   + + .      SeeInvis +      - Unarmed
rCold   + + .      Faith    .    c - +5 kite shield {reflect}
rNeg    + + +      Spirit   .    (helmet currently unavailable)
rPois   +          Reflect  +    i - amulet of regeneration
rElec   +          Harm     .    z - ring of the Forging Gods {rF+ MP+9 Dex+2 Stlth+}
rCorr   +          Rampage  .    V - ring "Ruyc" {rElec rF+ rC+ rN++ Int-5}
Will    ++...      NoTele   +    I - +6 ring of intelligence
Stlth   +++++++++                N - ring of Puitof {Wiz rElec Int+5}
HPRegen 1.43/turn                L - ring of Dicwup {rF+ rC+}
MPRegen 0.31/turn                b - ring of wizardry
                                 o - ring of Accord {rPois rN++ rCorr EV+5 Str-4}
                                 m - ring of Heresy {+Blink rF- Will+ SInv Stlth+}

@: tree-form, forested, silenced, very slow
A: stationary, stasis, torment immunity, boosted hp, almost no armour,
(amphibious), 8 rings, (camouflage 1), (gelatinous body 1), (nimble swimmer 1),
(tentacles), clumsy 1, inability to drink after injury 1, devolution 1
}: 6/15 runes: serpentine, barnacled, slimy, silver, abyssal, glowing
a: Renounce Religion, Evoke Blink


You were in Pandemonium.
You worshipped Cheibriados.
Cheibriados was exalted by your worship.
You were a tree.
You visited 11 branches of the dungeon, and saw 51 of its levels.
You visited Pandemonium 1 time, and saw 8 of its levels.
You visited the Abyss 2 times.
You visited 1 bazaar.
You also visited: Bailey, Gauntlet, Ice Cave and Desolation.

You collected 6608 gold pieces.
You spent 4696 gold pieces at shops.

Inventory:

Missiles
 j - 17 curare-tipped darts (quivered)
 q - 8 atropa-tipped darts
 x - 11 throwing nets
 O - 17 javelins
 X - 12 silver javelins
Armour
 c - a +5 kite shield of reflection (worn)
 A - a +2 hat of stealth (melded)
Jewellery
 b - a ring of wizardry (on tentacle)
 e - the ring of Volooppu {Fly Slay+4}
   (You found it in the Desolation of Salt)

   [ring of slaying]

   Slay:      It affects your accuracy & damage with ranged weapons and melee
   (+4).
   Fly:       It grants you flight.
 i - an amulet of regeneration (around neck)
 m - the ring of Heresy (on tentacle) {+Blink rF- Will+ SInv Stlth+}
   (You found it in the Desolation of Salt)

   [ring of see invisible]

   rF:        It makes you vulnerable to fire.
   SInv:      It lets you see invisible.
   +Blink:    It lets you blink.
   Will:      It increases your willpower.
   Stlth:     It makes you more stealthy.
 o - the ring of Accord (on tentacle) {rPois rN++ rCorr EV+5 Str-4}
   (You found it on level 5 of the Pits of Slime)

   [ring of evasion]

   EV:        It affects your evasion (+5).
   Str:       It affects your strength (-4).
   rPois:     It protects you from poison.
   rN:        It greatly protects you from negative energy.
   rCorr:     It protects you from acid and corrosion.
 z - the ring of the Forging Gods (left branch) {rF+ MP+9 Dex+2 Stlth+}
   (You took it off a vault sentinel on level 5 of the Vaults)

   [ring of magical power]

   Dex:       It affects your dexterity (+2).
   rF:        It protects you from fire.
   MP:        It affects your magic capacity (+9).
   Stlth:     It makes you more stealthy.
 D - a +5 ring of evasion
 I - a +6 ring of intelligence (on tentacle)
 L - the ring of Dicwup (on tentacle) {rF+ rC+}
   (You took it off an imperial myrmidon in the Desolation of Salt)

   [ring of protection from fire]

   rF:        It protects you from fire.
   rC:        It protects you from cold.
 N - the ring of Puitof (on tentacle) {Wiz rElec Int+5}
   (You found it on level 2 of the Vaults)

   [ring of wizardry]

   It improves your spell success rate.
   Int:       It affects your intelligence (+5).
   rElec:     It insulates you from electricity.
 P - a +6 ring of intelligence
 V - the ring "Ruyc" (right branch) {rElec rF+ rC+ rN++ Int-5}
   (You found it in a Gauntlet)

   [ring of protection from fire]

   Int:       It affects your intelligence (-5).
   rF:        It protects you from fire.
   rC:        It protects you from cold.
   rElec:     It insulates you from electricity.
   rN:        It greatly protects you from negative energy.
Wands
 l - a wand of flame (72)
 n - a wand of light (5)
 s - a wand of digging (5)
 y - a wand of mindburst (8)
 B - a wand of roots (13)
Scrolls
 a - 2 scrolls of magic mapping
 d - 10 scrolls of vulnerability
 f - 9 scrolls of teleportation
 t - 5 scrolls of summoning
 u - 3 scrolls of blinking
 G - 9 scrolls of fear
 K - 4 scrolls of immolation
 M - 4 scrolls of silence
 T - 5 scrolls of fog
 U - 5 scrolls of poison
Potions
 g - 6 potions of attraction
 k - 4 potions of magic
 p - 4 potions of cancellation
 r - 12 potions of curing
 v - 4 potions of might
 w - 2 potions of brilliance
 E - 2 potions of ambrosia
 J - 3 potions of lignification
 Q - 2 potions of resistance
 R - 2 potions of berserk rage
 S - 4 potions of invisibility
 Y - 2 potions of mutation
Miscellaneous
 h - a tin of tremorstones (2/2)
 C - a box of beasts (inert)
 F - a condenser vane (inert)
 H - a phantom mirror (inert)
 W - a lightning rod (4/4)


   Skills:
 - Level 15.0 Fighting
 - Level 12.0 Maces & Flails
 - Level 8.5 Ranged Weapons
 - Level 15.0 Dodging
 - Level 14.7 Stealth
 - Level 15.0 Shields
 - Level 15.3 Unarmed Combat
 - Level 12.0 Spellcasting
 + Level 22.5 Summonings
 - Level 8.0 Necromancy
 - Level 13.0 Transmutations
 - Level 13.0 Earth Magic
 - Level 6.0 Invocations
 - Level 5.0 Evocations


You had 6 spell levels left.
You knew the following spells:

 Your Spells              Type           Power      Damage    Failure   Level
a - Statue Form           Tmut/Erth      54%        N/A       1%          6
b - Leda's Liquefaction   Hex/Erth       29%        N/A       1%          4
c - Animate Dead          Necr           64%        N/A       1%          4
d - Dragon's Call         Summ           53%        N/A       11%         9
e - Summon Hydra          Summ           53%        N/A       1%          7
f - Summon Lightning Spi  Summ/Air       76%        N/A       1%          4
g - Wereblood             Tmut           81%        N/A       1%          2
h - Apportation           Tloc           38%        N/A       1%          1
r - Summon Forest         Summ/Tloc      38%        N/A       1%          5

Your spell library contained the following spells:

 Spells                   Type           Power      Damage    Failure   Level
 Beastly Appendage        Tmut           100%       N/A       0%          1
 Foxfire                  Conj/Fire      76%        2x1d7     1%          1
 Magic Dart               Conj           76%        1d6       1%          1
 Necrotise                Necr           100%       1d9       1%          1
 Blink                    Tloc           38%        N/A       1%          2
 Ensorcelled Hibernation  Hex/Ice        38%        N/A       1%          2
 Momentum Strike          Conj/Tloc      38%        3d9       1%          2
 Passwall                 Tmut/Erth      67%        N/A       1%          2
 Scorch                   Fire           38%        2d7       1%          2
 Searing Ray              Conj           38%        2d5       1%          2
 Sublimation of Blood     Necr           64%        N/A       1%          2
 Ignite Poison            Fire/Tmut/Pois 48%        N/A       1%          3
 Spider Form              Tmut/Pois      58%        N/A       1%          3
 Summon Guardian Golem    Hex/Summ       76%        N/A       1%          3
 Vampiric Draining        Necr           64%        2d10      1%          3
 Ice Form                 Ice/Tmut       58%        N/A       1%          4
 Petrify                  Tmut/Erth      81%        N/A       1%          4
 Summon Ice Beast         Ice/Summ       76%        N/A       1%          4
 Agony                    Necr           64%        N/A       1%          5
 Blade Hands              Tmut           40%        N/A       1%          5
 Borgnjor's Vile Clutch   Necr/Erth      36%        N/A       1%          5
 Lee's Rapid Deconstruct  Erth           40%        3d20*     1%          5
 Anguish                  Hex/Necr       23%        N/A       2%          4
 Alistair's Intoxication  Tmut/Pois      38%        N/A       2%          5
 Yara's Violent Unravell  Hex/Tmut       29%        3d12      2%          5
 Dazzling Flash           Conj/Hex       38%        N/A       3%          3
 Frozen Ramparts          Ice            38%        1d6       3%          3
 Gell's Gravitas          Tloc           19%        N/A       3%          3
 Inner Flame              Hex/Fire       19%        N/A       3%          3
 Kindle Blastsparks       Fire/Tloc/Air  38%        2d13      3%          3
 Lesser Beckoning         Tloc           38%        N/A       3%          3
 Ozocubu's Armour         Ice            19%        N/A       3%          3
 Portal Projectile        Hex/Tloc       38%        N/A       3%          3
 Teleport Other           Tloc           19%        N/A       3%          3
 Tukima's Dance           Hex            19%        N/A       3%          3
 Death Channel            Necr           32%        N/A       6%          6
 Cause Fear               Hex            9%         N/A       11%         4
 Flame Wave               Conj/Fire      19%        2d7       11%         4
 Fulminant Prism          Conj/Hex       9%         3d7       11%         4
 Iskenderun's Mystic Bla  Conj/Tloc      19%        2d6       11%         4
 Passage of Golubria      Tloc           19%        N/A       11%         4
 Sticky Flame             Conj/Fire      19%        2d4       11%         4
 Eringya's Noxious Bog    Tmut/Pois      29%        N/A       11%         6
 Iron Shot                Conj/Erth      29%        9d6       11%         6
 Freezing Cloud           Conj/Ice/Air   9%         6-21      28%         5
 Iskenderun's Battlesphe  Conj           19%        2d7       28%         5
 Simulacrum               Ice/Necr       23%        N/A       28%         6
 Starburst                Conj/Fire      9%         6d5       80%         6
 Haunt                    Necr/Summ      44%        N/A       1%          7
 Dragon Form              Tmut           40%        N/A       4%          7
 Spellforged Servitor     Conj/Summ      38%        N/A       9%          7
 Storm Form               Tmut/Air       29%        N/A       50%         7
 Infestation              Necr           32%        N/A       90%         8
 Enfeeble                 Hex            9%         N/A       99%         7
 Orb of Destruction       Conj           9%         9d6       99%         7
 Ozocubu's Refrigeration  Ice            9%         4d9       99%         7
 Ignition                 Fire           9%         3d5       100%        8
 Maxwell's Capacitive Co  Air            9%         ∞         100%        8
 Death's Door             Necr           32%        N/A       100%        9
 Fire Storm               Conj/Fire      9%         8d3       100%        9
 Polar Vortex             Ice            9%         N/A       100%        9
 Animate Armour           Summ/Erth      Unusable   N/A       N/A         4

Dungeon Overview and Level Annotations

Branches:
Dungeon (15/15)            Temple (1/1) D:4            Lair (5/5) D:10
 Shoals (4/4) Lair:2        Snake (4/4) Lair:3        Slime (5/5) Lair:5
    Orc (2/2) D:12            Elf (3/3) Orc:2        Vaults (5/5) D:14
  Crypt (3/3) Vaults:2     Depths (4/4) D:15            Zot (0/5) Depths:4
 Bailey (visited)           IceCv (visited)         Desolation (visited)
Gauntlet (visited)
   Tomb: Crypt:3

Altars:
Ashenzari
Cheibriados
Dithmenos
Elyvilon
Fedhas
Gozag
Hepliaklqana
Kikubaaqudgha
Makhleb
Nemelex Xobeh
Okawaru
Qazlal
Ru
Sif Muna
Trog
Uskayaw
Vehumet
Wu Jian
Xom
Yredelemnul
Zin
The Shining One
Jiyva

Shops:
D:9 [   D:10 (   Orc:2 (:[**   Elf:3 ?   Shoals:3 *   Snake:3 ?   Vaults:1 =
Vaults:5 (   Depths:1 :!?

Portals:
Hell: Depths:1 Depths:2 Depths:3 Depths:4
Abyss: Depths:3
Pandemonium: Depths:2

Annotations:
D:5 1 runed translucent door, kuniqs's ghost, novice FoFi
D:7 Dowan, Duvessa, Maggie
D:11 1 exclusion
Depths:1 6 runed translucent doors
Depths:3 8 runed translucent doors


Innate Abilities, Weirdness & Mutations

You are a tree.
Your roots penetrate the ground, keeping you stationary.
You cannot be teleported.
You are immune to unholy pain and torment.
Your maximum health is greatly increased.
You cannot wear most types of armour.
((You are amphibious.))
You can wear up to eight rings at the same time.
((Your skin changes colour to match your surroundings (Stealth+).))
((Your rubbery body absorbs attacks. (AC +1, EV +1)))
((You are camouflaged when in or above water. (Stealth+)))
((You have tentacles for arms and can constrict up to eight enemies at once.))
You are clumsy. (Dex -2)
You occasionally lose the ability to drink potions when taking damage.
You have hidden genetic defects.


Message History

The ufetubus dies!
The ufetubus disappears in a puff of smoke!
The ufetubus is engulfed in noxious fumes.
The ufetubus appears confused.
The ufetubus barely misses the sun demon. x2
The ufetubus is engulfed in noxious fumes.
The ufetubus appears confused.
The ufetubus is engulfed in noxious fumes.
The ufetubus appears confused.
The ufetubus hits the Ice Fiend but does no damage.
The ufetubus hits the Ice Fiend.
The ufetubus closely misses itself.
The ufetubus hits itself.
The ufetubus is engulfed in noxious fumes.
The ufetubus appears confused.
The sun demon hits you.
* * * LOW HITPOINT WARNING * * *
You are engulfed in flames.
You resist.
* * * LOW HITPOINT WARNING * * *
You block the sun demon's attack.
Your juvenile shockweird beast is engulfed in noxious fumes.
Your juvenile shockweird beast appears confused.
You feel much better.
The Ice Fiend's magic is no longer disrupted.
Asolono hits you but does no damage.
The ufetubus is engulfed in noxious fumes.
The ufetubus appears confused.
The ufetubus is engulfed in noxious fumes.
The ufetubus appears confused.
The ufetubus is engulfed in noxious fumes.
The ufetubus appears confused.
The Ice Fiend barely misses you. The Ice Fiend claws you!
* * * LOW HITPOINT WARNING * * *
The Ice Fiend freezes you! You resist.
* * * LOW HITPOINT WARNING * * *
You block the ynoxinul's attack. You block the Ice Fiend's attack. x2
The Ice Fiend claws you.
* * * LOW HITPOINT WARNING * * *
The Ice Fiend freezes you! You resist.
* * * LOW HITPOINT WARNING * * *
The Ice Fiend claws you!
You die...

....#.# #
......♣.#§.
♣....♣.♣§☼
.§§°§§§○♣§
♣#§§§○○§.§.
#..H.§○§§☼.
♣.☼.§§5...♣
##♣♣♣.&315§...#
.......3♣35.5..#
.......§115§.[♣♣
#♣#♣♣♣...°§.5.♣
♣##♣......♣
.♣..... ..#....
..##... .## .#.


You could see Asolono (silencing, unsilenced), 3 Ice Fiends, 2 sun demons, a
ynoxinul (unsilenced), 6 ufetubi and a friendly juvenile shockweird beast
(summoned, unsilenced, confused).

Vanquished Creatures
  the Royal Jelly (Slime:5)
  Dissolution (Slime:4)
  2 ancient liches (Vaults:5)
  Bai Suzhen (Snake:3)
  Xtahua (Vaults:3)
  A golden dragon (Depths:2)
  the Enchantress (Depths:2)
  A bone dragon (Crypt:3)
  Nikola (Snake:2)
  A shard shrike zombie (Crypt:3)
  2 tentacled monstrosities
  2 liches
  3 Ice Fiends
  A pandemonium lord (Pan)
  2 deep elf master archers (Elf:3)
  3 deep elf blademasters (Elf:3)
  13 acid blobs
  Asterion (Depths:2)
  2 titans (Vaults:5)
  2 quicksilver dragons (Vaults:5)
  An Executioner (Pan)
  Gastronok (D:8)
  A kraken (Shoals:1)
  4 ancient champions
  Agnes (Elf:1)
  4 storm dragons
  2 tengu reavers
  3 sphinxes
  3 shadow dragons
  2 revenants
  Donald (Elf:3)
  A shadow dragon (shapeshifter) (Vaults:5)
  7 nagarajas
  3 iron dragons
  4 frost giants
  3 fire giants
  8 azure jellies
  4 rockslimes
  2 imperial myrmidons (Desolation)
  Aizul (Snake:2)
  3 deep elf sorcerers
  11 vault wardens
  3 curse skulls
  4 balrugs (Pan)
  4 deep elf elementalists (Elf:3)
  4 ghouls (Crypt:3)
  2 orc warlords
  5 spriggan defenders
  3 demonspawn blood saints (Pan)
  A reaper (Pan)
  7 cacodemons (Pan)
  2 war gargoyles
  16 ironbound preservers
  5 ironbound thunderhulks
  4 quicksilver oozes
  7 very ugly things
  12 stone giants
  2 black draconians (Depths:4)
  6 deep elf demonologists
  2 lorocyprocas (Pan)
  A demonspawn black sun (Pan)
  3 vampire knights
  2 yellow draconians (Depths:4)
  A minotaur (Gauntlet)
  4 spark wasps (Depths:3)
  7 deep elf annihilators (Elf:3)
  9 dire elephants
  An eidolon (Vaults:4)
  5 nameless horrors
  10 ettins
  11 deep elf death magi
  Snorg (D:13)
  4 crystal guardians
  6 blizzard demons (Pan)
  4 merfolk javelineers
  2 green deaths (Pan)
  5 jiangshi
  8 deep elf high priests
  2 fire dragons
  9 yaktaur captains
  4 ragged hierophants (Desolation)
  2 entropy weavers (Vaults:2)
  4 merfolk impalers
  Fannar (D:10)
  8 great orbs of eyes
  2 rakshasas
  4 peacekeepers
  22 vault guards
  A fenstrider witch zombie (Crypt:3)
  3 servants of whispers (Desolation)
  2 caustic shrike simulacra
  7 spriggan air magi
  6 salamander tyrants
  6 ice dragons
  4 hell beasts
  4 ogre magi
  A spriggan skeleton (Crypt:3)
  6 boulder beetles
  5 merfolk aquamancers
  A satyr (shapeshifter) (Vaults:4)
  5 anacondas
  7 hydras
  6 ironbound frosthearts
  3 alligator snapping turtles
  A two-headed ogre (shapeshifter) (Vaults:3)
  A catoblepas (Lair:5)
  7 dancing weapons
  6 tengu warriors
  3 merfolk avatars
  9 centaur warriors
  14 two-headed ogres
  3 naga warriors
  A shock serpent (shapeshifter) (Vaults:4)
  A bennu skeleton (Crypt:3)
  A fenstrider witch skeleton (Crypt:3)
  4 deep troll earth magi
  A death yak (Lair:5)
  3 vampire magi
  A deep troll shaman (Depths:3)
  2 titan zombies
  10 naga sharpshooters
  4 orc high priests
  13 soul eaters
  4 spriggan berserkers
  4 shock serpents
  8 deep elf knights
  2 wretched stars
  4 holy swine (Pan)
  A storm dragon zombie (Crypt:3)
  Amaemon (Lair:3)
  11 sun demons
  14 spriggans
  3 iron trolls
  8 skeletal warriors
  2 fire crabs
  4 hell knights
  A shadow wraith (Vaults:5)
  A titan skeleton (Crypt:3)
  9 sixfirhies (Pan)
  A spatial maelstrom (Abyss:3)
  7 glowing orange brains
  5 salamander mystics
  A spriggan rider (Depths:2)
  39 deep trolls
  11 sea snakes
  A quicksilver dragon simulacrum (Depths:4)
  2 shadow demons (Pan)
  2 obsidian statues (IceCv)
  12 flayed ghosts
  5 ironbound convokers
  4 phantasmal warriors
  A spriggan simulacrum (IceCv)
  2 bog bodies (IceCv)
  9 lindwurms
  5 wizards
  11 orc knights
  6 deep elf archers
  4 naga ritualists
  A goliath frog zombie (Crypt:3)
  19 deep elf pyromancers
  A necromancer (Crypt:3)
  31 harpies
  17 deep elf zephyrmancers
  A fire giant zombie (D:15)
  22 ugly things
  5 orc sorcerers
  3 mana vipers (Snake:4)
  A shadow dragon skeleton (Crypt:3)
  A moth of wrath (Gauntlet)
  A frost giant zombie (D:15)
  28 salamanders
  A moth of wrath (shapeshifter) (D:14)
  2 shining eyes
  8 large abominations
  7 manticores
  5 cyclopes
  7 vault sentinels
  7 elephants
  Joseph (D:8)
  11 naga magi
  6 smoke demons
  5 merfolk sirens
  3 demonic crawlers (Pan)
  5 water nymphs
  3 guardian serpents
  2 eyes of devastation
  8 orange demons
  32 black mambas
  A cane toad (shapeshifter) (D:10)
  2 molten gargoyles (Vaults:4)
  A torpor snail (Lair:5)
  A frost giant skeleton (D:15)
  3 gargoyles
  A purple draconian zombie (Crypt:3)
  A naga skeleton (Crypt:3)
  A rime drake (shapeshifter) (D:13)
  7 cane toads
  4 ice devils
  An unseen horror (D:12)
  A rime drake (Lair:5)
  3 tormentors (Pan)
  14 yaktaurs
  A kobold demonologist (D:12)
  2 tengu conjurers (Depths:1)
  An efreet (D:14)
  2 freezing wraiths (IceCv)
  A harpy zombie (Crypt:3)
  An ancient zyme (Abyss:3)
  6 komodo dragons
  A queen bee (shapeshifter) (Vaults:5)
  3 red devils
  3 golden dragon simulacra (IceCv)
  An anaconda simulacrum (IceCv)
  7 trolls
  An iron troll skeleton (Crypt:3)
  25 merfolk
  A guardian mummy (D:15)
  A queen bee (Abyss:3)
  3 wind drakes
  3 polar bears
  A meliai (shapeshifter) (D:14)
  A hellwing (Pan)
  2 human zombies (Vaults:5)
  6 meliai
  16 saltlings (Desolation)
  8 hornets
  14 dream sheep
  9 blink frogs
  8 snapping turtles
  51 slime creatures
  A flying skull (Crypt:3)
  A shadow (D:12)
  7 wraiths
  51 yaks
  6 ynoxinuls
  3 wyverns
  11 water elementals
  4 air elementals (Elf:3)
  A culicivora (shapeshifter) (D:14)
  3 basilisks
  A minotaur simulacrum (IceCv)
  3 fire elementals
  A golden eye (Vaults:4)
  4 neqoxecs
  2 steam dragons
  5 chaos spawn
  A redback (Vaults:2)
  Menkaure (D:7)
  10 vampire mosquitoes
  9 wargs
  A deep troll zombie (Vaults:5)
  10 water moccasins
  24 nagas
  3 acid dragons
  A floating eye (Slime:3)
  6 hydra simulacra (IceCv)
  A glowing shapeshifter skeleton (Crypt:1)
  A meliai simulacrum (D:14)
  26 orc warriors
  A sky beast (D:7)
  An ice beast (D:6)
  An alligator simulacrum (IceCv)
  8 black bears
  2 ettin simulacra (IceCv)
  4 ogres
  10 boggarts
  8 centaurs
  23 wolves
  2 phantoms
  3 necrophages
  3 small abominations (Abyss:3)
  9 bullfrogs
  An earth elemental (Elf:1)
  A gnoll sergeant (D:10)
  A scorpion (D:6)
  9 wights
  A troll zombie (D:12)
  9 killer bees
  7 howler monkeys
  5 electric eels
  2 crimson imps (Gauntlet)
  13 jellies (Lair:5)
  3 lava snakes
  A hound (D:6)
  13 orc priests
  3 gnoll boudas
  2 iguanas (D:5)
  16 orc wizards
  An acid dragon zombie (Crypt:1)
  A deep dwarf zombie (Crypt:1)
  7 ogre zombies (D:12)
  A tengu skeleton (Crypt:3)
  17 gnolls
  8 adders
  2 shadow imps (D:5)
  A white imp (D:7)
  2 ufetubi
  3 worms
  A dart slug (D:4)
  62 orcs
  6 bats
  4 endoplasms
  2 giant cockroaches
  10 goblins
  4 hobgoblins
  8 ball pythons
  3 frilled lizards
  2 goblin skeletons (D:12)
  A goblin zombie (D:12)
  3 hobgoblin skeletons (D:12)
  A hobgoblin zombie (D:12)
  4 kobolds
  An orc skeleton (D:12)
  17 orc zombies (D:12)
  11 rats
  3 tentacles (Shoals:1)
1710 creatures vanquished.

Vanquished Creatures (collateral kills)
  Mnoleg (Pan)
  A golden dragon (Vaults:5)
  3 tentacled monstrosities
  A deep elf blademaster (Elf:3)
  2 titans
  A sphinx (Depths:2)
  4 acid blobs
  An ancient champion (Crypt:3)
  A tengu reaver (Vaults:5)
  A shadow dragon (Vaults:5)
  2 storm dragons
  An azure jelly (Slime:4)
  3 fire giants
  4 rockslimes
  3 frost giants
  Louise (Elf:3)
  3 deep elf sorcerers (Elf:3)
  An imperial myrmidon (Desolation)
  A vault warden (Vaults:5)
  An iron dragon (Depths:2)
  3 cacodemons (Pan)
  A broodmother (shapeshifter) (Vaults:5)
  5 stone giants
  6 ironbound preservers
  A quicksilver ooze (Slime:5)
  4 very ugly things
  A reaper (Pan)
  An ironbound thunderhulk (Vaults:4)
  2 black draconians (Depths:4)
  2 deep elf annihilators (Elf:3)
  2 spark wasps (Depths:2)
  A deep elf demonologist (Vaults:5)
  A yellow draconian (Depths:4)
  2 dire elephants (Vaults:2)
  A merfolk javelineer (Shoals:4)
  An ettin (Vaults:5)
  A blizzard demon (Pan)
  3 deep elf death magi (Elf:3)
  2 merfolk impalers
  A fire dragon (Depths:2)
  4 great orbs of eyes
  2 ice dragons
  A ragged hierophant (Desolation)
  2 yaktaur captains (Vaults:5)
  A servant of whispers (Desolation)
  7 vault guards
  A peacekeeper (Desolation)
  An ironbound frostheart (Vaults:2)
  A merfolk avatar (Shoals:4)
  2 satyrs (Shoals:2)
  2 merfolk aquamancers (Shoals:4)
  An alligator snapping turtle (Shoals:4)
  2 tengu warriors (Depths:3)
  A naga sharpshooter (Snake:4)
  2 skeletal warriors (Crypt:3)
  A sun demon (Pan)
  A hell knight (Vaults:5)
  2 sixfirhies (Pan)
  A spark wasp zombie (D:15)
  3 deep trolls (Vaults:5)
  2 lindwurms (Vaults:2)
  2 shining eyes
  An ironbound convoker (Desolation)
  A deep elf zephyrmancer (Vaults:5)
  6 harpies
  A necromancer (D:15)
  An ugly thing (Vaults:1)
  A cyclops (Shoals:4)
  3 manticores
  2 deep elf pyromancers
  3 fauns (Shoals:2)
  3 merfolk sirens
  2 vault sentinels (Vaults:5)
  A demonic crawler (Pan)
  3 water nymphs
  2 eyes of devastation (Slime:3)
  A smoke demon (Pan)
  7 yaktaurs
  A tengu conjurer (Depths:1)
  2 freezing wraiths (Vaults:5)
  A hellwing (Pan)
  A red devil (Pan)
  4 merfolk (Shoals:4)
  8 saltlings (Desolation)
  4 wind drakes (Shoals:4)
  2 dream sheep (Shoals:3)
  2 snapping turtles (Shoals:3)
  29 slime creatures
  4 water elementals
  An air elemental (Elf:3)
  4 ynoxinuls (Pan)
  8 neqoxecs (Pan)
  A golden eye (Vaults:4)
  A warg (Vaults:5)
  A redback (Vaults:5)
  An orc warrior (Bailey)
  A necrophage (Crypt:3)
  A lava snake (Vaults:4)
  2 gnolls (D:4)
  A shadow imp (D:8)
  3 fire vortices (Pan)
240 creatures vanquished.

Vanquished Creatures (others)
  A pandemonium lord (Pan)
  An eldritch tentacle (Pan)
  A frost giant (Depths:2)
  A vault warden (Vaults:5)
  A deep elf sorcerer (Elf:3)
  A spriggan defender (Depths:2)
  A deep elf elementalist (Elf:3)
  A deep elf high priest (Vaults:5)
  4 very ugly thing zombies
  A vault guard (Vaults:5)
  A titan zombie (Vaults:5)
  3 storm dragon zombies
  2 golden dragon zombies
  A deep troll (Vaults:3)
  4 ogre zombies
  2 spark wasp zombies (Depths:2)
  An orc knight (Orc:2)
  2 tengu zombies
  A fire giant zombie (Vaults:5)
  3 shadow dragon zombies
  3 frost giant zombies
  4 stone giant zombies
  A minotaur zombie (Depths:2)
  5 dire elephant zombies
  An alligator snapping turtle zombie (Shoals:4)
  2 yellow draconian zombies (Depths:4)
  An iron troll zombie (Depths:4)
  3 yaktaur zombies (Vaults:5)
  2 sea snake zombies (Shoals:4)
  3 black draconian zombies (Depths:4)
  13 harpy zombies
  A saltling (Desolation)
  9 merfolk zombies (Shoals:4)
  4 ettin zombies
  A slime creature (D:14)
  2 slime creature zombies (Vaults:4)
  A yak (D:11)
  9 spriggan zombies (Depths:2)
  2 ynoxinuls (Pan)
  2 wind drake zombies (Shoals:4)
  A fire elemental (Vaults:4)
  A deep troll zombie (Vaults:5)
  37 human zombies
  A naga (Snake:2)
  3 two-headed ogre zombies (Vaults:5)
  4 manticore zombies
  30 elf zombies
  A warg zombie (Vaults:5)
  A wight (D:8)
  A naga zombie (Snake:4)
  A gnoll (D:4)
  3 orc zombies (Vaults:5)
  2 orcs (D:15)
  A fire vortex (Pan)
  44 fungi
  138 plants
  11 snaplasher vines
  9 tentacles (Shoals:1)
  A withered plant (D:15)
392 creatures vanquished.

Grand Total: 2342 creatures vanquished

Notes
Turn   | Place    | Note
-------+----------+-------------------------------------------
     0 | D:1      | M4edhros the Octopode Artificer began the quest for the
                  | Orb.
     0 | D:1      | Reached XP level 1. HP: 13/13 MP: 1/1
   118 | D:2      | Reached XP level 2. HP: 18/18 MP: 2/2
   286 | D:4      | Found a glowing golden altar of the Shining One.
   286 | D:4      | Found a shadowy altar of Dithmenos.
   346 | D:4      | Reached skill level 1 in Maces & Flails
   346 | D:4      | Reached XP level 3. HP: 23/23 MP: 3/3
   347 | D:4      | Reached XP level 4. HP: 29/29 MP: 4/4
   395 | D:5      | Entered Level 5 of the Dungeon
   403 | D:5      | Reached XP level 5. HP: 34/34 MP: 5/5
   506 | D:5      | Reached XP level 6. HP: 37/41 MP: 6/6
   544 | D:6      | Noticed an ice beast
   550 | D:6      | Killed an ice beast
   573 | D:6      | Found an ancient bone altar of Kikubaaqudgha.
   606 | D:6      | Reached XP level 7. HP: 37/46 MP: 7/7
   744 | D:6      | Reached skill level 5 in Stealth
   788 | D:7      | Identified a scroll of acquirement
   788 | D:7      | Acquired 850 gold pieces
   863 | D:7      | Noticed a wyvern
   869 | D:7      | Found a flagged portal.
   874 | D:7      | Reached skill level 5 in Evocations
   972 | Bailey   | Entered a bailey
  1126 | Bailey   | Noticed an orc knight
  1128 | Bailey   | Noticed an orc knight
  1145 | Bailey   | Killed an orc knight
  1146 | Bailey   | Reached XP level 8. HP: 54/54 MP: 8/8
  1153 | Bailey   | Killed an orc knight
  1154 | Bailey   | Reached skill level 5 in Maces & Flails
  1277 | D:7      | Reached skill level 5 in Dodging
  1285 | D:7      | Killed a wyvern
  1349 | D:7      | Reached XP level 9. HP: 18/60 MP: 9/9
  1419 | D:7      | Noticed Maggie
  1562 | D:6      | Reached skill level 5 in Fighting
  1688 | D:7      | Noticed Duvessa
  1688 | D:7      | Noticed Dowan
  1694 | D:7      | Noticed Menkaure
  1704 | D:7      | Killed Menkaure
  1851 | D:4      | Found a staircase to the Ecumenical Temple.
  1867 | Temple   | Entered the Ecumenical Temple
  1882 | Temple   | Became a worshipper of Cheibriados the Contemplative
  2047 | D:3      | Found a basalt altar of Yredelemnul.
  2230 | D:2      | Identified the +10 short sword "Hyxkast" {freeze, rC+ Int-3
                  | Stlth+}
  2544 | D:1      | Reached * piety under Cheibriados
  2598 | D:1      | You fall into a shaft and drop 1 floor!
  2825 | D:3      | Found a white marble altar of Elyvilon.
  3104 | D:5      | Found a runed translucent door.
  3104 | D:5      | Noticed kuniqs's ghost (novice FoFi)
  3171 | D:5      | Found an iron altar of Okawaru.
  3231 | D:5      | Reached ** piety under Cheibriados
  3260 | D:8      | Noticed Joseph
  3260 | D:8      | Noticed Gastronok
  3645 | D:9      | Found an opulent altar of Gozag.
  3734 | D:9      | Found a shimmering blue altar of Sif Muna.
  3800 | D:9      | Noticed a hornet
  3956 | D:9      | Reached XP level 10. HP: 66/66 MP: 10/10
  4029 | D:10     | Entered Level 10 of the Dungeon
  4153 | D:9      | Found Muux Fef's Antique Armour Shoppe.
  4161 | D:9      | Bought a glowing buckler for 180 gold pieces
  4340 | D:10     | Reached *** piety under Cheibriados
  4434 | D:10     | Found Yheurihi's Weapon Shop.
  4487 | D:10     | Noticed Fannar
  4496 | D:10     | Killed Fannar
  4530 | D:10     | a troll changed into a cane toad
  4530 | D:10     | Noticed a cane toad (shapeshifter)
  4534 | D:10     | Killed a cane toad
  4569 | D:10     | Found a burning altar of Makhleb.
  4622 | D:10     | Reached skill level 10 in Stealth
  4637 | D:10     | Found a staircase to the Lair.
  4718 | D:10     | Reached skill level 10 in Maces & Flails
  4725 | D:10     | Reached XP level 11. HP: 49/72 MP: 11/11
  4827 | D:8      | Killed Joseph
  4888 | D:11     | Reached **** piety under Cheibriados
  4948 | D:11     | Reached skill level 1 in Ranged Weapons
  4948 | D:11     | Reached skill level 5 in Shields
  5097 | D:11     | Noticed a boulder beetle
  5140 | D:11     | Killed a boulder beetle
  5209 | D:11     | Noticed a skeletal warrior
  5209 | D:11     | Noticed a skeletal warrior
  5209 | D:11     | Noticed a skeletal warrior
  5210 | D:11     | Noticed a skeletal warrior
  5510 | D:12     | Noticed a boulder beetle
  5512 | D:12     | Reached ***** piety under Cheibriados
  5540 | D:12     | Killed a boulder beetle
  5568 | D:12     | Found a staircase to the Orcish Mines.
  5649 | D:12     | Reached skill level 5 in Ranged Weapons
  5649 | D:12     | Reached XP level 12. HP: 67/78 MP: 12/12
  5874 | D:12     | Noticed a two-headed ogre
  5883 | D:12     | Killed a two-headed ogre
  5952 | D:12     | Noticed a tengu warrior
  5959 | D:12     | Killed a tengu warrior
  6191 | D:13     | Noticed a centaur warrior
  6197 | D:13     | Noticed a centaur warrior
  6208 | D:13     | Noticed a centaur warrior
  6213 | D:13     | Killed a centaur warrior
  6218 | D:13     | Reached skill level 10 in Dodging
  6244 | D:13     | Killed a centaur warrior
  6254 | D:13     | Reached ****** piety under Cheibriados
  6323 | D:13     | Killed a centaur warrior
  6324 | D:13     | Reached skill level 1 in Invocations
  6379 | D:13     | Noticed a boulder beetle
  6421 | D:13     | Killed a boulder beetle
  6449 | D:13     | Noticed a tengu warrior
  6452 | D:13     | Killed a tengu warrior
  6467 | D:13     | Noticed Snorg
  6481 | D:13     | Killed Snorg
  6482 | D:13     | Reached XP level 13. HP: 74/86 MP: 13/15
  6695 | D:14     | Noticed a rakshasa
  6708 | D:14     | Killed a rakshasa
  7030 | D:14     | Acquired a manual of Summonings
  7041 | D:14     | Found a gate to the Vaults.
  7059 | D:15     | Entered Level 15 of the Dungeon
  7079 | D:14     | Reached skill level 1 in Summonings
  7079 | D:14     | Reached skill level 5 in Invocations
  7128 | Orc:1    | Entered Level 1 of the Orcish Mines
  7149 | Orc:1    | Reached skill level 2 in Summonings
  7189 | Orc:2    | Entered Level 2 of the Orcish Mines
  7224 | Orc:2    | Found Muklum's Antique Weapon Shop.
  7250 | Orc:2    | Found a staircase to the Elven Halls.
  7273 | Orc:2    | Found Cooruesaaxu's Book Shoppe.
  7273 | Orc:2    | Noticed an orc warlord
  7288 | Orc:2    | Reached skill level 3 in Summonings
  7373 | Orc:2    | Reached skill level 4 in Summonings
  7407 | Orc:2    | Found Oworiosi's General Store.
  7666 | Orc:1    | Reached skill level 5 in Summonings
  7670 | Orc:1    | Reached XP level 14. HP: 92/92 MP: 18/18
  7856 | Orc:2    | Found Kulorghe's Antique Armour Emporium.
  7901 | Orc:2    | Found Mocwaz's General Store.
  7921 | Orc:2    | Bought 4 curare-tipped darts for 76 gold pieces
  7921 | Orc:2    | Bought a wand of light (6) for 403 gold pieces
  7921 | Orc:2    | Bought a scroll of identify for 32 gold pieces
  7921 | Orc:2    | Bought a potion of curing for 48 gold pieces
  8015 | Orc:2    | Killed an orc warlord
  8016 | Orc:2    | Reached skill level 6 in Summonings
  8351 | D:8      | Killed Gastronok
  8415 | Lair:1   | Entered Level 1 of the Lair of Beasts
  8452 | Lair:2   | Found a staircase to the Shoals.
  8513 | Lair:3   | Noticed Amaemon
  8525 | Lair:3   | Killed Amaemon
  8534 | Lair:3   | Reached skill level 7 in Summonings
  8576 | Lair:3   | Found a staircase to the Snake Pit.
  8725 | Lair:3   | Reached skill level 8 in Summonings
  8850 | Lair:4   | Found a gate leading to a gauntlet.
  8878 | Gauntlet | Entered a Gauntlet
  8878 | Gauntlet | Found a transporter.
  8878 | Gauntlet | Found a transporter.
  8881 | Gauntlet | Found a transporter.
  8881 | Gauntlet | Found a transporter.
  8884 | Gauntlet | Found a transporter.
  8884 | Gauntlet | Found a transporter.
  8886 | Gauntlet | Found a large runed translucent door.
  8887 | Gauntlet | Found a large runed translucent door.
  8888 | Gauntlet | Found a large runed translucent door.
  8888 | Gauntlet | Found a runed translucent door.
  8888 | Gauntlet | Found a large runed translucent door.
  8889 | Gauntlet | Found a large runed translucent door.
  8890 | Gauntlet | Found a large runed translucent door.
  8891 | Gauntlet | Found a large runed translucent door.
  8891 | Gauntlet | Found a large runed translucent door.
  8895 | Gauntlet | Found a runed translucent gate.
  8897 | Gauntlet | Found a runed translucent gate.
  8897 | Gauntlet | Found a transporter.
  8901 | Gauntlet | Found a transporter.
  8901 | Gauntlet | Found a transporter.
  8901 | Gauntlet | Found a transporter.
  8913 | Gauntlet | Found a transporter.
  8916 | Gauntlet | Found a transporter.
  8939 | Gauntlet | Found a runed translucent gate.
  8941 | Gauntlet | Found a large runed translucent door.
  8941 | Gauntlet | Found a large runed translucent door.
  8942 | Gauntlet | Found a large runed translucent door.
  8942 | Gauntlet | Found a large runed translucent door.
  8950 | Gauntlet | Found a runed translucent door.
  8957 | Gauntlet | Found a large runed translucent door.
  8957 | Gauntlet | Found a large runed translucent door.
  8958 | Gauntlet | Found a large runed translucent door.
  8959 | Gauntlet | Found a large runed translucent door.
  9069 | Gauntlet | Identified the ring "Ruyc" {rElec rF+ rC+ rN++ Int-5}
  9164 | Gauntlet | Learned a level 6 spell: Statue Form
  9392 | Lair:5   | Entered Level 5 of the Lair of Beasts
  9401 | Lair:5   | Reached skill level 1 in Transmutations
  9401 | Lair:5   | Reached skill level 1 in Earth Magic
  9444 | Lair:5   | Found a viscous altar of Jiyva.
  9447 | Lair:5   | Found a staircase to the Slime Pits.
  9622 | Lair:5   | Reached XP level 15. HP: 66/97 MP: 19/19
  9639 | Lair:5   | Reached skill level 5 in Transmutations
  9639 | Lair:5   | Reached skill level 5 in Earth Magic
 10084 | Lair:4   | Upgraded the game from 0.30-a0-634-g8abc85282e to
                  | 0.30-a0-636-g200c5c4a83
 10372 | Lair:3   | Learned a level 4 spell: Leda's Liquefaction
 10420 | Snake:1  | Entered Level 1 of the Snake Pit
 10703 | Snake:2  | Found a frozen archway.
 10710 | IceCv    | Entered an ice cave
 10800 | IceCv    | Gained mutation: You are clumsy. (Dex -2) [a neqoxec]
 11011 | IceCv    | Noticed an Ice Fiend
 11026 | IceCv    | Killed an Ice Fiend
 11059 | IceCv    | Got the Guide on the Blizzard
 11062 | IceCv    | Identified the +1 ice dragon scales "Faeshucs" {+Inv rF-
                  | rC++ Regen+}
 11350 | Snake:2  | Noticed Aizul
 11363 | Snake:2  | Killed Aizul
 11483 | Snake:2  | Noticed Nikola
 11497 | Snake:2  | Killed Nikola
 11515 | Snake:2  | Reached XP level 16. HP: 36/103 MP: 14/20
 11552 | Snake:2  | Noticed a nagaraja
 11580 | Snake:2  | Killed a nagaraja
 11654 | Snake:3  | Found Foinoma's Magic Scroll Shop.
 11661 | Snake:3  | Bought a scroll of teleportation for 48 gold pieces
 11684 | Snake:3  | Identified the +1 plate armour "Enkayt" {+Inv rElec rC-}
 11728 | Snake:3  | Reached skill level 10 in Transmutations
 11728 | Snake:3  | Reached skill level 10 in Earth Magic
 12044 | Snake:3  | Noticed Bai Suzhen
 12056 | Snake:3  | Killed Bai Suzhen
 12175 | Snake:4  | Entered Level 4 of the Snake Pit
 12441 | Snake:4  | Noticed a nagaraja
 12481 | Snake:4  | Killed a nagaraja
 12730 | Snake:4  | Learned a level 4 spell: Animate Dead
 12765 | Snake:4  | Noticed a nagaraja
 12767 | Snake:4  | Noticed a nagaraja
 12771 | Snake:4  | Noticed a nagaraja
 12772 | Snake:4  | Noticed a nagaraja
 12773 | Snake:4  | Reached skill level 1 in Necromancy
 12826 | Snake:4  | Killed a nagaraja
 12834 | Snake:4  | Killed a nagaraja
 12912 | Snake:4  | Reached XP level 17. HP: 108/108 MP: 21/21
 13022 | Snake:4  | Reached skill level 1 in Spellcasting
 13185 | Snake:4  | Got a serpentine rune of Zot
 13364 | Shoals:1 | Entered Level 1 of the Shoals
 13453 | Shoals:1 | Reached skill level 1 in Unarmed Combat
 13538 | Shoals:1 | Noticed a kraken
 13553 | Shoals:1 | Killed a kraken
 13604 | Shoals:1 | Reached skill level 9 in Summonings
 13775 | Shoals:2 | Reached skill level 5 in Necromancy
 13918 | Shoals:3 | Found Taani's General Store.
 13948 | Shoals:3 | Bought a box of beasts for 640 gold pieces
 13948 | Shoals:3 | Bought a scroll of poison for 64 gold pieces
 13948 | Shoals:3 | Bought a scroll of blinking for 120 gold pieces
 13948 | Shoals:3 | Bought a scroll of poison for 64 gold pieces
 13948 | Shoals:3 | Bought a potion of heal wounds for 80 gold pieces
 13982 | Shoals:3 | Found a hide-covered altar of Uskayaw.
 14003 | Shoals:3 | Found the +1 robe of Vines {NoPotionHeal Regen++++}
 14074 | Shoals:4 | Entered Level 4 of the Shoals
 14138 | Shoals:4 | Reached skill level 5 in Spellcasting
 14162 | Shoals:4 | Reached XP level 18. HP: 116/116 MP: 25/25
 14242 | Shoals:4 | Reached skill level 10 in Summonings
 14300 | Shoals:4 | Reached skill level 5 in Unarmed Combat
 14675 | Shoals:4 | Got a barnacled rune of Zot
 14881 | Lair:1   | You are sucked into a shaft and drop 1 floor!
 15167 | Elf:1    | Entered Level 1 of the Elven Halls
 15208 | Elf:1    | Noticed Agnes
 15220 | Elf:1    | Killed Agnes
 15243 | Elf:1    | Reached skill level 11 in Summonings
 15292 | Elf:1    | Got the Atlas of the Gathering
 15299 | Elf:1    | Learned a level 5 spell: Summon Forest
 15307 | Elf:1    | Learned a level 7 spell: Summon Hydra
 15472 | Elf:3    | Entered Level 3 of the Elven Halls
 15540 | Elf:3    | Paralysed by an air elemental for 1 turns
 15568 | Elf:3    | Noticed Louise
 15574 | Elf:3    | Killed Louise
 15581 | Elf:3    | Found Hipiro's Magic Scroll Boutique.
 15593 | Elf:3    | Bought a scroll of enchant armour for 112 gold pieces
 15612 | Elf:3    | Paralysed by an air elemental for 1 turns
 15695 | Elf:3    | Reached skill level 12 in Summonings
 15695 | Elf:3    | Reached XP level 19. HP: 86/124 MP: 29/29
 15715 | Elf:3    | Noticed Donald
 15720 | Elf:3    | Killed Donald
 15755 | Elf:3    | Your ally Donald died
 15759 | Elf:3    | Noticed a Tzitzimitl
 15762 | Elf:3    | Identified the ring of Paashiu {rC- EV+5 Int+3}
 15861 | Elf:3    | Reached skill level 13 in Summonings
 15893 | Abyss:2  | Cast into level 2 of the Abyss (a deep elf sorcerer)
 15936 | Abyss:3  | Found a corrupted altar of Lugonu.
 15946 | Abyss:3  | Found a corrupted altar of Lugonu.
 16003 | Abyss:3  | Got an abyssal rune of Zot
 16090 | Elf:3    | Escaped the Abyss
 16182 | Elf:3    | Reached skill level 14 in Summonings
 16191 | Elf:3    | Identified the +5 glaive of Irksome Optimality {venom,
                  | Contam Str+4 Int+9}
 16358 | Elf:3    | Identified the amulet of Uzepeot {RegenMP Slay+3}
 16366 | Elf:3    | Reached skill level 10 in Fighting
 16385 | Elf:3    | Identified the ring of Understanding {Fire rPois rN+}
 16392 | Abyss:4  | Found a corrupted altar of Lugonu.
 16392 | Abyss:4  | Cast into level 4 of the Abyss (a deep elf demonologist)
 16432 | Elf:3    | Escaped the Abyss
 16438 | Elf:3    | Noticed a Hell Sentinel
 16478 | Elf:3    | Learned a level 4 spell: Summon Lightning Spire
 16737 | Elf:1    | Learned a level 2 spell: Wereblood
 16893 | D:15     | Found a gateway to a bazaar.
 16901 | Bazaar   | Entered a bazaar
 16903 | Bazaar   | Found Anoth's Magic Scroll Boutique.
 16907 | Bazaar   | Found Fozxeah's Book Boutique.
 16907 | Bazaar   | Found Xeczesch's Antique Armour Boutique.
 16907 | Bazaar   | Found Roicruah's Antique Weapon Boutique.
 16936 | Bazaar   | Bought a book of Party Tricks for 192 gold pieces
 16938 | Bazaar   | Learned a level 1 spell: Apportation
 16946 | Bazaar   | Bought a scroll of immolation for 48 gold pieces
 16946 | Bazaar   | Bought a scroll of blinking for 90 gold pieces
 16946 | Bazaar   | Bought a scroll of acquirement for 624 gold pieces
 16946 | Bazaar   | Bought a scroll of poison for 48 gold pieces
 16946 | Bazaar   | Bought a scroll of poison for 48 gold pieces
 16946 | Bazaar   | Bought a scroll of immolation for 48 gold pieces
 16946 | Bazaar   | Acquired a ring of see invisible
 16973 | Bazaar   | Bought a book of Spatial Translocations for 240 gold pieces
 17029 | D:15     | Found a staircase to the Depths.
 17054 | Depths:1 | Entered Level 1 of the Depths
 17104 | Depths:1 | Found a runed translucent gate.
 17104 | Depths:1 | Found a runed translucent gate.
 17104 | Depths:1 | Found a runed translucent gate.
 17104 | Depths:1 | Found the +2 Maxwell's thermic engine {flame, freeze}
 17104 | Depths:1 | Noticed a Brimstone Fiend
 17105 | Depths:1 | Found a runed translucent gate.
 17105 | Depths:1 | Found a runed translucent gate.
 17105 | Depths:1 | Found a runed translucent gate.
 17105 | Depths:1 | Noticed an Ice Fiend
 17146 | Depths:1 | Reached XP level 20. HP: 132/132 MP: 23/32
 17156 | Depths:1 | Reached skill level 10 in Unarmed Combat
 17216 | Depths:1 | Found Qyerum's Magic Scroll Boutique.
 17227 | Depths:1 | Bought a scroll of teleportation for 66 gold pieces
 17227 | Depths:1 | Bought a scroll of fog for 88 gold pieces
 17227 | Depths:1 | Bought a scroll of summoning for 209 gold pieces
 17241 | Depths:1 | Found Wiyteir's Distillery.
 17249 | Depths:1 | Bought a potion of heal wounds for 110 gold pieces
 17249 | Depths:1 | Bought a potion of curing for 66 gold pieces
 17249 | Depths:1 | Bought a potion of curing for 66 gold pieces
 17249 | Depths:1 | Bought 2 potions of might for 176 gold pieces
 17249 | Depths:1 | Bought a potion of lignification for 66 gold pieces
 17258 | Depths:1 | Found Tumn's Book Shoppe.
 17327 | Depths:1 | Reached skill level 15 in Summonings
 17336 | Depths:1 | Found a gateway to Hell.
 17486 | Depths:2 | Found a one-way gate leading to the halls of Pandemonium.
 17550 | Depths:3 | Noticed a golden dragon
 17585 | Depths:3 | Found a large runed translucent door.
 17586 | Depths:3 | Found a large runed translucent door.
 17589 | Depths:3 | Found a large runed translucent door.
 17645 | Depths:3 | Found a large runed translucent door.
 17649 | Depths:3 | Found a large runed translucent door.
 17650 | Depths:3 | Found a large runed translucent door.
 17654 | Depths:3 | Found a large runed translucent door.
 17654 | Depths:3 | Found a large runed translucent door.
 17762 | Depths:3 | Found a one-way gate to the infinite horrors of the Abyss.
 18041 | Depths:4 | Entered Level 4 of the Depths
 18228 | Depths:4 | Reached skill level 10 in Shields
 18252 | Depths:4 | Found a gate to the Realm of Zot.
 18275 | Depths:4 | Reached XP level 21. HP: 140/140 MP: 13/33
 18436 | Vaults:1 | Entered Level 1 of the Vaults
 18455 | Vaults:1 | Reached skill level 16 in Summonings
 18549 | Vaults:1 | Found a crumbling gateway.
 18556 | Desolati | Entered the Desolation of Salt
 18641 | Desolati | Identified the ring of Heresy {+Blink rF- Will+ SInv
                  | Stlth+}
 18652 | Desolati | Got Cigotuvi's Precepts of Shifting Corpses
 18714 | Desolati | Identified the ring of Dicwup {rF+ rC+}
 18725 | Desolati | Got the Spellbook of Relocated Lava
 18861 | Desolati | Identified the ring of Volooppu {Fly Slay+4}
 19030 | Vaults:1 | Found Emeq's Jewellery Emporium.
 19039 | Vaults:1 | Bought the ring of Hetumu {rCorr Int+3 SInv} for 644 gold
                  | pieces
 19053 | Vaults:2 | Got the Dissertation on the Volcano and Beckoning
 19387 | Vaults:3 | Noticed Xtahua
 19393 | Vaults:3 | Paralysed by Xtahua for 2 turns
 19396 | Vaults:3 | Killed Xtahua
 19533 | Vaults:2 | Identified the amulet of Day {RegenMP rC+}
 19536 | Vaults:2 | Identified the ring of Puitof {Wiz rElec Int+5}
 20235 | Vaults:1 | Reached XP level 22. HP: 150/150 MP: 35/35
 20443 | Vaults:2 | Found a staircase to the Crypt.
 20443 | Vaults:2 | Found a basalt altar of Yredelemnul.
 20443 | Vaults:2 | Found an ancient bone altar of Kikubaaqudgha.
 20450 | Crypt:1  | Entered Level 1 of the Crypt
 20555 | Crypt:3  | Entered Level 3 of the Crypt
 20823 | Crypt:3  | Noticed an ancient lich
 20823 | Crypt:3  | Noticed a dread lich
 21196 | Vaults:4 | Reached skill level 15 in Unarmed Combat
 21273 | Vaults:4 | Reached skill level 10 in Spellcasting
 21387 | Vaults:4 | Got Cerebov's Atlas of the Blaze
 21461 | Vaults:4 | Got the Anthology of Malisons
 21582 | Vaults:4 | Reached XP level 23. HP: 157/157 MP: 34/37
 21596 | Vaults:5 | Entered Level 5 of the Vaults
 21679 | Vaults:5 | Noticed a golden dragon
 21684 | Vaults:5 | Killed a golden dragon
 21717 | Vaults:5 | Identified the +0 buckler "Otuvug" {rN+++ Regen+ Int-5
                  | Dex-5}
 21750 | Vaults:5 | Identified the amulet "Qotuasuu" {Spirit rN+}
 21818 | Vaults:5 | Identified the ring of the Forging Gods {rF+ MP+9 Dex+2
                  | Stlth+}
 21838 | Vaults:5 | Reached skill level 15 in Shields
 21888 | Vaults:5 | Noticed an ancient lich
 21899 | Vaults:5 | Killed an ancient lich
 21970 | Vaults:5 | Identified the +4 plate armour of Tulips {Contam rC+++
                  | Dex+4}
 22017 | Vaults:5 | Found Cimaoga's Antique Weapon Shoppe.
 22086 | Vaults:5 | Got Rutugaith's Dissertation on Abominable Ceremonies
 22089 | Vaults:5 | Got a silver rune of Zot
 22094 | Vaults:5 | Noticed an ancient lich
 22101 | Vaults:5 | Reached XP level 24. HP: 167/167 MP: 24/39
 22105 | Vaults:5 | Reached skill level 17 in Summonings
 22107 | Vaults:5 | Killed an ancient lich
 22757 | Slime:1  | Entered Level 1 of the Pits of Slime
 22771 | Slime:1  | Learned a level 9 spell: Dragon's Call
 22860 | Slime:3  | Gained mutation: You have hidden genetic defects. [a
                  | shining eye]
 22862 | Slime:3  | Lost mutation: You have hidden genetic defects. [a shining
                  | eye]
 22883 | Slime:3  | Reached skill level 15 in Fighting
 22901 | Slime:3  | Paralysed by a floating eye for 2 turns
 22909 | Slime:3  | Paralysed by a floating eye for 4 turns
 22938 | Slime:4  | Noticed Dissolution
 22941 | Slime:4  | Killed Dissolution
 22948 | Slime:4  | Reached skill level 15 in Dodging
 23024 | Slime:5  | Entered Level 5 of the Pits of Slime
 23039 | Slime:5  | Reached skill level 18 in Summonings
 23089 | Slime:5  | Noticed the Royal Jelly
 23114 | Slime:5  | Killed the Royal Jelly
 23154 | Slime:5  | Got a slimy rune of Zot
 23174 | Slime:5  | Identified the amulet "Zerchiufy" {RegenMP rF+}
 23215 | Slime:5  | Identified the ring of Accord {rPois rN++ rCorr EV+5 Str-4}
 23221 | Slime:5  | Identified the +1 robe of Sif Muna's Whim {rF+}
 23698 | Depths:2 | Noticed Asterion
 23704 | Depths:2 | Noticed the Enchantress
 23710 | Depths:2 | Killed the Enchantress
 23712 | Depths:2 | Reached skill level 19 in Summonings
 23715 | Depths:2 | HP: 6/219 [Asterion/iron shot (41)]
 23735 | Depths:2 | Your ally Enchantress spriggan zombie died
 23795 | Depths:2 | Killed Asterion
 23801 | Depths:2 | Your ally Asterion died
 23807 | Depths:2 | Reached XP level 25. HP: 174/174 MP: 39/39
 23903 | Depths:2 | Reached skill level 20 in Summonings
 23986 | Pan      | Entered Pandemonium
 23996 | Pan      | Noticed Kais the pandemonium lord
 24001 | Pan      | Killed Kais the pandemonium lord
 24117 | Pan      | Gained mutation: You are vulnerable to cold. (rC-) [a
                  | cacodemon]
 24295 | Pan      | Noticed Efytimic the pandemonium lord
 24343 | Pan      | Killed Efytimic the pandemonium lord
 24363 | Pan      | Reached skill level 21 in Summonings
 24411 | Pan      | Found an exit through the horrors of the Abyss.
 24498 | Pan      | Gained mutation: You are vulnerable to heat. (rF-) [a
                  | cacodemon]
 24499 | Pan      | Gained mutation: Your spells are a little harder to cast,
                  | but a little more powerful. [a cacodemon]
 24509 | Pan      | Lost mutation: You are clumsy. (Dex -2) [potion of
                  | mutation]
 24509 | Pan      | Lost mutation: You are vulnerable to cold. (rC-) [potion of
                  | mutation]
 24509 | Pan      | Gained mutation: You have hidden genetic potential. [potion
                  | of mutation]
 24509 | Pan      | Gained mutation: You are agile. (Dex +4, Str/Int -1)
                  | [potion of mutation]
 24640 | Pan      | Gained mutation: You are very vulnerable to heat. (rF--) [a
                  | neqoxec]
 24679 | Pan      | Entered the realm of Mnoleg.
 24680 | Pan      | Gained mutation: Your magical capacity is low. (-10% MP) [a
                  | neqoxec]
 24680 | Pan      | Lost mutation: Your spells are a little harder to cast, but
                  | a little more powerful. [a shining eye]
 24681 | Pan      | Lost mutation: You are agile. (Dex +4, Str/Int -1) [a
                  | shining eye]
 24681 | Pan      | Gained mutation: You are weak. (Str -2) [a neqoxec]
 24682 | Pan      | Noticed Mnoleg
 24682 | Pan      | Lost mutation: You have hidden genetic potential. [a
                  | shining eye]
 24687 | Pan      | Gained mutation: You are vulnerable to cold. (rC-) [a
                  | neqoxec]
 24690 | Pan      | Gained mutation: Your spells are a little easier to cast,
                  | but a little less powerful. [a shining eye]
 24694 | Pan      | Gained mutation: You are very weak. (Str -4) [a cacodemon]
 24704 | Pan      | Reached skill level 22 in Summonings
 24708 | Pan      | Paralysed by a floating eye for 2 turns
 24710 | Pan      | Killed Mnoleg
 24732 | Pan      | Got a glowing rune of Zot
 24751 | Pan      | Lost mutation: You are vulnerable to cold. (rC-) [potion of
                  | mutation]
 24751 | Pan      | Lost mutation: Your magical capacity is low. (-10% MP)
                  | [potion of mutation]
 24751 | Pan      | Lost mutation: Your spells are a little easier to cast, but
                  | a little less powerful. [potion of mutation]
 24751 | Pan      | Gained mutation: Potions are less effective at restoring
                  | your health. [potion of mutation]
 24751 | Pan      | Gained mutation: You are robust. (+10% HP) [potion of
                  | mutation]
 24751 | Pan      | Gained mutation: Your spells are a little harder to cast,
                  | but a little more powerful. [potion of mutation]
 24752 | Pan      | Lost mutation: You are very weak. (Str -4) [potion of
                  | mutation]
 24752 | Pan      | Lost mutation: You are very vulnerable to heat. (rF--)
                  | [potion of mutation]
 24752 | Pan      | Lost mutation: You are weak. (Str -2) [potion of mutation]
 24752 | Pan      | Gained mutation: Your body sometimes deteriorates upon
                  | taking damage. [potion of mutation]
 24753 | Pan      | Lost mutation: Potions are less effective at restoring your
                  | health. [potion of mutation]
 24753 | Pan      | Lost mutation: Your spells are a little harder to cast, but
                  | a little more powerful. [potion of mutation]
 24753 | Pan      | Lost mutation: You are robust. (+10% HP) [potion of
                  | mutation]
 24753 | Pan      | Gained mutation: You are clumsy. (Dex -2) [potion of
                  | mutation]
 24753 | Pan      | Gained mutation: You are frail. (-10% HP) [potion of
                  | mutation]
 24754 | Pan      | Lost mutation: Your body sometimes deteriorates upon taking
                  | damage. [potion of mutation]
 24754 | Pan      | Lost mutation: You are frail. (-10% HP) [potion of
                  | mutation]
 24754 | Pan      | Lost mutation: You are clumsy. (Dex -2) [potion of
                  | mutation]
 24754 | Pan      | Gained mutation: Your natural rate of healing is unusually
                  | fast. [potion of mutation]
 24754 | Pan      | Lost mutation: Your natural rate of healing is unusually
                  | fast. [potion of mutation]
 24754 | Pan      | Gained mutation: You expend magic power (3 MP) to
                  | strengthen your wands. [potion of mutation]
 24755 | Pan      | Lost mutation: You expend magic power (3 MP) to strengthen
                  | your wands. [potion of mutation]
 24755 | Pan      | Lost mutation: You are vulnerable to heat. (rF-) [potion of
                  | mutation]
 24755 | Pan      | Gained mutation: You occasionally lose the ability to drink
                  | potions when taking damage. [potion of mutation]
 24755 | Pan      | Gained mutation: Your body sometimes deteriorates upon
                  | taking damage. [potion of mutation]
 24755 | Pan      | Gained mutation: You are frail. (-10% HP) [potion of
                  | mutation]
 24848 | Pan      | Gained mutation: You are clumsy. (Dex -2) [a cacodemon]
 24873 | Pan      | Gained mutation: Your spells are a little easier to cast,
                  | but a little less powerful. [a cacodemon]
 24895 | Pan      | Lost mutation: Your spells are a little easier to cast, but
                  | a little less powerful. [potion of mutation]
 24895 | Pan      | Lost mutation: You are frail. (-10% HP) [potion of
                  | mutation]
 24895 | Pan      | Lost mutation: Your body sometimes deteriorates upon taking
                  | damage. [potion of mutation]
 24895 | Pan      | Gained mutation: You have hidden genetic defects. [potion
                  | of mutation]
 24911 | Pan      | Noticed Asolono the pandemonium lord
 24937 | Pan      | HP: 4/261 [Ice Fiend (15)]
 24937 | Pan      | Slain by an Ice Fiend

Illustrated notes

Levels and vault maps discovered:
D:1:      dpeg_arrival_orchard, layout_basic
D:2:      layout_basic, serial_bayou, serial_bayou_shore_a, serial_bayou_pond_d,
          serial_bayou_shore_b, serial_bayou_lake_a, roderic_nine_men_s_morris,
          minmay_rat_gold_closets
D:3:      layout_loops_corners, lemuel_doored_altar, lemuel_crystal_altar
D:4:      layout_loops_ring, nicolae_overflow_two_pavilions,
          minmay_temple_entry_junction
D:5:      layout_rooms, lemuel_crystal_altar, hellmonk_ghost_happy_afterlife
D:6:      layout_cave_pools, kiku_gazebo_pond_becter
D:7:      layout_basic, enter_bailey_4, uniq_duvessa, uniq_maggie, uniq_menkaure
D:8:      layout_basic, uniq_joseph, uniq_gastronok
D:9:      layout_basic, nicolae_gozag_cash_rules_everything_around_me,
          lemuel_blue_sif_altar, serial_shops, shop
D:10:     layout_irregular_city, mainiacjoe_overflow_brackets,
          dpeg_oklobed_lair, serial_shops, nicolae_shop_advertising_works
          [nicolae_subvault_shop_adworks], minmay_crystal_water,
          hangedman_fish_farm, uniq_fannar
D:11:     layout_gridville, ploomutoo_gammafunk_ghost_potion_laboratory
D:12:     minmay_recursive_quarters, layout_grid_maze, zombieorc2_lemuel
D:13:     layout_rooms, serial_bayou, serial_bayou_lagoon_a,
          serial_bayou_pond_c, serial_bayou_pond_a, serial_bayou_pond_e,
          serial_park_tiny_1, uniq_snorg
D:14:     layout_basic, david_vaults_2, kennysheep_crisscross,
          grunt_decor_mini_mirrors
D:15:     gammafunk_depths_entry_grave, layout_rooms, minmay_misc_feat_columns,
          serial_shops, freezing_bzr, grunt_decor_arrowhead, fedhas_altar_4
Temple:   nicolae_temple_ecumenical_triangle
Lair:1:   layout_regular_city, serial_bayou_shore_b
Lair:2:   layout_misc_corridors, shoals_dummy_entry, patterned_corridor
Lair:3:   nzn_winding_woodlands_medium [nzn_winding_woodlands_5x5_open_star,
          nzn_winding_woodlands_5x15_concentric,
          nzn_winding_woodlands_5x5_cross, nzn_winding_woodlands_5x5_perimeter,
          nzn_winding_woodlands_center_lodge,
          nzn_winding_woodlands_5x5_closed_star,
          nzn_winding_woodlands_5x5_checkerboard,
          nzn_winding_woodlands_5x15_twine, nzn_winding_woodlands_hourglass],
          layout_big_grid, nicolae_snake_entry_warm_welcome, serial_bayou,
          serial_bayou_shore_b, serial_bayou_pond_c, serial_bayou_pond_c,
          serial_bayou_shore_b, uniq_amaemon
Lair:4:   layout_gridlike, gauntlet_entry_generic, grunt_megastairs_2
Lair:5:   minmay_lair_end_enchanted_forest, layout_regular_city,
          minmay_slime_entry_jelly_boxes, gammafunk_lair_bear_cave
Shoals:1: layout_shoals, nicolae_shoals_cliffside_cave
Shoals:2: layout_shoals
Shoals:3: layout_shoals, nicolae_stop_n_shop_1, lemuel_altar_in_water,
          uniq_kirke
Shoals:4: shoals_end_simple, layout_shoals
Snake:1:  nicolae_snake_attic_fulla_snakes, layout_rooms, lemuel_fruit_tree,
          serial_bayou_shore_b, grunt_megastairs_4
Snake:2:  layout_chambers, portal_ice_cave_entry_pillars_1,
          nicolae_shop_clearance, uniq_aizul, uniq_nikola
Snake:3:  layout_honeycomb, nicolae_stop_n_shop_1, uniq_bai_suzhen
Snake:4:  grunt_snake_rune_spirals, layout_onion, st_stairs_8
Slime:1:  nicolae_slime_jelly_donut, layout_caves
Slime:2:  layout_caves, basic_altar
Slime:3:  layout_caves, cheibrodos_slime_lost_civilization_7
Slime:4:  layout_caves, dissolution_awaits
Slime:5
Orc:1:    layout_caves
Orc:2:    grunt_orc_gardens, layout_caves, grunt_orc_garden, grunt_orc_garden,
          grunt_orc_garden, grunt_orc_garden, serial_shops, shop,
          nooodl_orcs_dogs
Elf:1:    layout_geoelf_octagon, minmay_elf_sorcery, uniq_agnes
Elf:2:    nicolae_elf_blades_crystal_corner, layout_loops_corners,
          lemuel_flamethrower_3, minmay_shop_grove, uniq_azrael
Elf:3:    nooodl_elf_gasket, layout_geoelf_diagonals, minmay_shop_star,
          uniq_louise, uniq_donald, uniq_roxanne
Vaults:1: portal_desolation_entry_nicolae_slug, vaults_standard_mumra_lines,
          vaults_room_semicircle, nicolae_vaults_sealed_display, v_misc_12,
          nicolae_vaults_big_angled_halls, vaults_room_corners,
          nicolae_vaults_specimen_jars, vaults_mumra_minichess_inversion,
          ontoclasm_vaults_decontamination, layout_vaults_omnigrid,
          serial_shops, shop_statue, uniq_zenata
Vaults:2: nicolae_vaults_what_the_h, ontoclasm_vaults_ligature,
          nicolae_vaults_little_squares_5, minmay_crypt_entry_necro_gods,
          vaults_mumra_chevron, vaults_mumra_lcd, v_pattern_1,
          ontoclasm_vaults_idyll, v_rooms_3, nicolae_vaults_disjoint_gnomons,
          v_rooms_6, vaults_room_fancy_cross, vaults_room_door_hall,
          vaults_room_door_ring, layout_vaults_omnicross
Vaults:3: hangedman_vaults_cutoff, hangedman_vaults_corner,
          dpeg_vaults_monster_box, vaults_room_hallway,
          nicolae_vaults_ninety_degrees, v_misc_10, ontoclasm_vaults_spin,
          v_misc_8, ontoclasm_vaults_gateway, layout_vaults_big_room,
          uniq_xtahua
Vaults:4: ebering_ghost_inner_flame, v_misc_10, nicolae_vaults_network_star,
          nicolae_vaults_quartermaster, ontoclasm_vaults_pinch,
          nicolae_vaults_shelves_hall, v_rooms_1, ontoclasm_vaults_ring_small,
          ontoclasm_vaults_loading_screen, vaults_room_fancy_cross,
          nicolae_vaults_little_ls, dpeg_vaults_monster_row,
          hangedman_vaults_pinch, nicolae_vaults_network_square, v_misc_15,
          layout_vaults_omnibox, serial_hangedman_research,
          hangedman_research_metamorphosis, hangedman_research_probablistics,
          hangedman_research_pyrotechnics
Vaults:5
Crypt:1:  layout_misc_corridors, grunt_ministairs_8, st_stairs_1,
          small_statue_intersection, nicolae_crypt_soggy_tomb
Crypt:2:  layout_gridlike, serial_co_window_serial, co_window_paths_b,
          co_window_paths_a, co_window_paths_b, co_window_paths_b,
          co_window_corner_a, co_window_paths_a, co_window_of_opportunity_a,
          co_window_unsneaky_path_c, co_window_corner_b, co_window_cross_2,
          co_window_corner_b, co_window_broadway_b, glass_columns_a
Crypt:3:  david_glass_crypt, layout_misc_corridors
Depths:1: layout_gridville, hell_entry, serial_shops, nicolae_shop_behind_doors,
          nicolae_shop_hallway_plus, nicolae_take_the_stairs,
          nicolae_wooded_promenade, serial_bayou_ford_a, minmay_hedge_maze,
          brannock_guarded_unrand_thermic_engine
Depths:2: minmay_crescents, layout_cave_pools, hangedman_tar_grid_catacomb,
          rand_demon_pan_entry_7, infiniplex_staircase_pillars_2, uniq_asterion,
          uniq_enchantress
Depths:3: minmay_five_octagons, layout_basic, hangedman_abyss_entry_splay,
          pf_coc_iceberg
Depths:4: grunt_bruiser_brothers, layout_gridlike, enter_ziggurat_d,
          mu_enter_wizlab_4, grunt_mini_vestibule, hangedman_decor_points
Pan:      evilmike_mini_pan_doors, layout_basic, nicolae_pan_mnolegish_3,
          rand_demon_3, layout_chambers, evilmike_mini_pan_pillars_b,
          layout_cross, pan_blood_fountain, pan_captured_pigsty,
          nicolae_pan_sick_transit, rand_demon_5, layout_long_grid,
          uniq_ignacio, nicolae_pan_mnolegish_2, evilmike_mini_pan_thingy,
          layout_basic, rand_demon_2, layout_grid_shapes, pan_blood_fountain,
          mnoleg, layout_pan_divisions_b [pan_division_quadrant_b6,
          pan_division_quadrant_b5, pan_division_quadrant_b5,
          pan_division_quadrant_b6], evilmike_mini_pan_layers, layout_chambers

Skill      XL: |  1  2  3  4  5  6  7  8  9 10 11 12 13 14 15 16 17 18 19 20 21 22 23 24 25 |
---------------+----------------------------------------------------------------------------+-----
Stealth        | 2 3 4 5 7 9 10 11 13 14 | 14.7
Maces & Flails | 1 2 3 4 6 8 10 11 12 | 12.0
Fighting       | 2 3 4 5 7 8 9 10 11 12 13 14 15 | 15.0
Dodging        | 3 4 5 6 7 8 10 11 12 14 15 | 15.0
Evocations     | 4 5 |  5.0
Shields        | 4 6 7 10 12 14 15 | 15.0
Ranged Weapons | 5 7 8 |  8.5
Invocations    | 2 6 |  6.0
Summonings     | 5 8 9 12 14 15 16 19 22 | 22.5
Transmutations | 4 9 12 13 | 13.0
Earth Magic    | 4 9 12 13 | 13.0
Necromancy     | 2 5 8 |  8.0
Spellcasting   | 5 7 8 9 10 12 | 12.0
Unarmed Combat | 4 7 9 11 13 15 | 15.3

Action                   |  1- 3 |  4- 6 |  7- 9 | 10-12 | 13-15 | 16-18 | 19-21 | 22-24 | 25-27 || total
-------------------------+-------+-------+-------+-------+-------+-------+-------+-------+-------++-------
Melee: Club              |    14 |       |       |       |       |       |       |       |       ||    14
       Constrict         |    10 |     8 |    44 |    44 |   138 |   164 |   125 |    88 |    49 ||   670
       Tentacles         |     7 |     4 |    32 |   104 |   250 |   222 |   216 |   231 |    87 ||  1153
       Mace              |    14 |     8 |       |       |       |       |       |       |       ||    22
       Morningstar       |       |    24 |   201 |   325 |   792 |   693 |   116 |       |       ||  2151
       Punch             |       |       |     7 |     4 |    16 |    32 |    77 |   107 |    42 ||   285
       Sling             |       |       |       |       |     2 |       |       |       |       ||     2
       Unarmed           |       |       |       |       |       |       |   521 |   642 |   273 ||  1436
 Fire: Sling             |       |       |       |    99 |    68 |       |       |       |       ||   167
Throw: Dart              |       |       |       |       |     1 |       |       |       |       ||     1
 Cast: Statue Form       |       |       |       |       |       |    88 |    97 |    62 |    25 ||   272
       Leda's Liquefacti |       |       |       |       |       |     3 |     6 |     1 |     1 ||    11
       Animate Dead      |       |       |       |       |       |    12 |    18 |     9 |     1 ||    40
       Summon Forest     |       |       |       |       |       |       |    23 |     9 |     4 ||    36
       Summon Hydra      |       |       |       |       |       |       |    19 |    10 |     2 ||    31
       Summon Lightning  |       |       |       |       |       |       |    11 |    21 |     8 ||    40
       Apportation       |       |       |       |       |       |       |       |    36 |     7 ||    43
       Wereblood         |       |       |       |       |       |       |       |     4 |       ||     4
       Dragon's Call     |       |       |       |       |       |       |       |     2 |     2 ||     4
Invok: Slouch            |       |       |       |       |    15 |     5 |    13 |    11 |     4 ||    48
Evoke: Wand              |     3 |    14 |    27 |    18 |    24 |     3 |     1 |     3 |     1 ||    94
       Condenser vane    |       |       |       |     1 |     2 |       |     1 |       |     1 ||     5
       Lightning rod     |       |       |       |       |     4 |       |       |       |       ||     4
       Phantom mirror    |       |       |       |       |     1 |       |       |     1 |     1 ||     3
       Tin of tremorston |       |       |       |       |       |       |       |     1 |       ||     1
       Box of beasts     |       |       |       |       |       |       |       |       |     1 ||     1
  Use: Potion            |       |     1 |     2 |     5 |     6 |     1 |       |     2 |    15 ||    32
       Scroll            |       |       |    12 |     9 |    14 |     7 |    14 |     7 |     1 ||    64
 Stab: Sleeping          |     3 |       |    30 |     3 |    32 |    19 |    16 |     1 |       ||   104
       Distracted        |       |       |     1 |     2 |     4 |    11 |    15 |    20 |    10 ||    63
       Invisible         |       |       |       |       |     4 |     1 |       |       |       ||     5
Armor: Skin              |     2 |     9 |    29 |    19 |    72 |   304 |   245 |   229 |   161 ||  1070
Dodge: Dodged            |    23 |    30 |   135 |   290 |  1000 |  1523 |  1064 |  1083 |   508 ||  5656
Block: Buckler           |       |       |       |   113 |   407 |   691 |    64 |       |       ||  1275
       Reflection        |       |       |       |     7 |    13 |    62 |    31 |    49 |     2 ||   164
       Kite shield       |       |       |       |       |       |       |   834 |  1097 |   529 ||  2460

Table legend: (Time is in decaauts)
 A = Elapsed time spent in this place.
 B = Non-inter-level travel time spent in this place.
 C = Inter-level travel time spent in this place.
 D = Time resting spent in this place.
 E = Time spent auto-exploring this place.
 F = Levels seen in this place.
 G = Mean time per level.
                   A        B        C        D        E       F      G
               +--------+--------+--------+--------+--------+-----+--------+
         Total |  46808 |  40097 |   6711 |    285 |    154 |  68 |  688.4 |
       Dungeon |  11207 |   9279 |   1928 |    218 |     69 |  15 |  747.1 |
        Temple |     27 |     16 |     11 |      0 |      0 |   1 |   27.0 |
          Lair |   4049 |   2957 |   1092 |      0 |     26 |   5 |  809.8 |
        Shoals |   3294 |   3058 |    236 |      0 |      0 |   4 |  823.5 |
     Snake Pit |   4977 |   4471 |    506 |     30 |      0 |   4 | 1244.2 |
    Slime Pits |   1277 |   1050 |    227 |      0 |      0 |   5 |  255.4 |
  Orcish Mines |   1876 |   1593 |    283 |      0 |      9 |   2 |  938.0 |
   Elven Halls |   3022 |   2810 |    212 |      0 |      0 |   3 | 1007.3 |
        Vaults |   6657 |   5206 |   1451 |      0 |     49 |   5 | 1331.4 |
         Crypt |   1385 |   1230 |    155 |      0 |      0 |   3 |  461.7 |
        Depths |   3750 |   3145 |    605 |      0 |      0 |   4 |  937.5 |
         Abyss |    618 |    618 |      0 |      0 |      0 |   4 |  154.5 |
   Pandemonium |   2046 |   2046 |      0 |      3 |      0 |   8 |  255.8 |
        Bazaar |    146 |    146 |      0 |      0 |      0 |   1 |  146.0 |
        Bailey |    300 |    300 |      0 |      0 |      0 |   1 |  300.0 |
      Ice Cave |    691 |    691 |      0 |     30 |      0 |   1 |  691.0 |
    Desolation |    960 |    960 |      0 |      0 |      0 |   1 |  960.0 |
      Gauntlet |    519 |    519 |      0 |      4 |      0 |   1 |  519.0 |
               +--------+--------+--------+--------+--------+-----+--------+

Top non-repeatable levels by time:
 Snake:4: 2234 daAuts
   Elf:3: 2009 daAuts
Vaults:3: 1693 daAuts
Vaults:2: 1691 daAuts
    D:12: 1612 daAuts
Vaults:5: 1526 daAuts
Shoals:4: 1507 daAuts
  Lair:5: 1387 daAuts
   Orc:2: 1270 daAuts
Depths:3: 1203 daAuts
 Snake:2: 1160 daAuts
Vaults:4: 1141 daAuts
    D:14: 1090 daAuts
  Lair:3: 1054 daAuts
    D:11: 1043 daAuts
